 Dungeon Crawl Stone Soup version 0.25-a0-589-g1e14c549ee (webtiles) character file.

Game seed: 1764572215854155616, levelgen mode: deterministic

128 Aggronaut the Cudgeler (level 4, -3/51 HPs)
             Began as a Demonspawn Wanderer on Mar 12, 2020.
             Was a Follower of Sif Muna.
             Slain by a gnoll (7 damage)
             ... on level 3 of the Dungeon.
             The game lasted 00:08:10 (4212 turns).

Aggronaut the Cudgeler (Demonspawn Wanderer)        Turns: 4212, Time: 00:08:10

Health: -3/51      AC:  4    Str: 14    XL:     4   Next: 86%
Magic:  4/4        EV: 12    Int: 15    God:    Sif Muna [*.....]
Gold:   110        SH:  0    Dex: 10    Spells: 2/3 levels left

rFire    . . .     SeeInvis .   h - +2 whip (freeze)
rCold    . . .     Gourm    .   (no shield)
rNeg     + . .     Faith    .   j - +0 leather armour
rPois    .         Spirit   .   (no helmet)
rElec    .         Reflect  .   (no cloak)
rCorr    .         Harm     .   o - +0 pair of gloves
MR       .....                  (no boots)
Stlth    ..........             (no amulet)
HPRegen  0.17/turn              n - ring of positive energy
MPRegen  0.09/turn              (no ring)

@: berserking, very quick
A: repulsion field 1, powered by death 1
a: Channel Magic, Renounce Religion


You were on level 3 of the Dungeon.
You worshipped Sif Muna.
Sif Muna was aware of your devotion.
You were hungry.

You visited 1 branch of the dungeon, and saw 3 of its levels.

You collected 110 gold pieces.

Inventory:

Hand Weapons
 h - a +2 whip of freezing (weapon)
Missiles
 d - 8 curare-tipped darts (quivered)
Armour
 j - a +0 leather armour (worn)
 o - a +0 pair of gloves (worn)
Jewellery
 n - a ring of positive energy (left hand)
Scrolls
 a - a scroll of fog {unknown}
 b - 2 scrolls of blinking
 c - a scroll of identify
 e - a scroll of teleportation {unknown}
 g - a scroll of magic mapping
 m - 2 scrolls of remove curse
Potions
 k - 2 potions of curing
 l - a potion of stabbing
Comestibles
 f - 5 rations


   Skills:
 + Level 2.6 Fighting
 * Level 3.8 Maces & Flails
   Level 1.7 Bows
 - Level 1.0 Armour
   Level 1.7 Shields
   Level 1.7 Translocations
   Level 1.0 Poison Magic


You had 2 spell levels left.
You knew the following spells:

 Your Spells              Type           Power        Failure   Level  Hunger
a - Foxfire               Conj/Fire      #...         32%         1    ##.....

Your spell library contained the following spells:

 Spells                   Type           Power        Failure   Level  Hunger
 Ignite Poison            Fire/Tmut/Pois #.......     65%         3    ####...


Dungeon Overview and Level Annotations

Branches:
Dungeon (3/15)

Altars:
Sif Muna


Innate Abilities, Weirdness & Mutations

You are surrounded by a mild repulsion field. (EV +2)
You regenerate a little health from kills.


Message History

The gnoll misses you. The gnoll closely misses you.
Items here: ))))) [ ††††† You closely miss the gnoll.
The gnoll closely misses you.
The gnoll hits you from afar with a +0 spear.
You barely miss the gnoll. The gnoll hits you.
The gnoll hits you but does no damage.
You barely miss the gnoll. The gnoll hits you.
The gnoll hits you from afar with a +0 spear.
* * * LOW HITPOINT WARNING * * *
You hit the gnoll but do no damage. The gnoll closely misses you. x2
You hit the gnoll. You freeze the gnoll.
The gnoll is heavily wounded.
The gnoll misses you.
The gnoll hits you from afar with a +0 spear.
* * * LOW HITPOINT WARNING * * *
You see here a bat corpse.
It was a potion of berserk rage.
A red film seems to cover your vision as you go berserk!
You feel yourself moving faster!
You feel mighty! The gnoll hits you!
You die...

######
.....#####################
................@gg.†))..#
.....##################..###
##.### #....# #.# ##).#.##
#.# #≈#K.#..## #.#
≈≈#..##..# #.# ##≈≈##..##.##
###### #≈≈≈≈#..##.K##.
#....# ###≈≈≈≈#..###....


You could see 2 gnolls.

Vanquished Creatures
  A gnoll (D:3)
  3 adders
  2 worms
  A dart slug (D:1)
  3 leopard geckos
  9 bats
  3 giant cockroaches
  5 goblins
  13 hobgoblins
  5 jackals
  3 quokkas (D:2)
  4 frilled lizards
  16 kobolds
  7 rats
75 creatures vanquished.

Notes
Turn   | Place    | Note
-------+----------+-------------------------------------------
     0 | D:1      | Aggronaut the Demonspawn Wanderer began the quest for the
                  | Orb.
     0 | D:1      | Aggronaut set off with the following items: a +0 club, a
                  | potion of curing, a +0 robe, a +0 kite shield, a ration;
                  | and the following spell memorised: Foxfire; and the
                  | following spells available to memorise: Ignite Poison
     0 | D:1      | Reached XP level 1. HP: 16/16 MP: 1/1
   283 | D:1      | Reached skill level 1 in Maces & Flails
   387 | D:1      | Gained mutation: You regenerate a little health from kills.
                  | [demonic ancestry]
   387 | D:1      | Reached XP level 2. HP: 17/22 MP: 2/2
   911 | D:1      | Reached skill level 2 in Maces & Flails
  1314 | D:1      | HP: 1/22 [kobold (2)]
  1734 | D:1      | Gained mutation: You are surrounded by a mild repulsion
                  | field. (EV +2) [demonic ancestry]
  1734 | D:1      | Reached XP level 3. HP: 27/27 MP: 3/3
  2486 | D:2      | Reached skill level 3 in Maces & Flails
  2813 | D:2      | Found a faded altar of an unknown god.
  2861 | D:2      | Became a worshipper of Sif Muna the Loreminder
  2861 | D:2      | Reached * piety under Sif Muna
  3238 | D:2      | Reached XP level 4. HP: 21/33 MP: 4/4
  4212 | D:3      | Slain by a gnoll

Levels and vault maps discovered:
D:1:      dpeg_arrival_ternary, layout_loops_corners, serial_park_tiny_pond
D:2:      layout_loops_corners, first_ration, chequers_ecumenical_altar_simple
D:3:      cheibrodos_thug_alley, layout_rooms, led_sif_pool, lemuel_doored_altar

Skill      XL: |  1  2  3 |
---------------+----------+-----
Maces & Flails | 1 2 3 |  3.8
Fighting       | |  2.6
Bows           | |  1.7
Armour         | |  1.0
Shields        | |  1.7
Translocations | |  1.7
Poison Magic   | |  1.0

Action                   |  1- 3 |  4- 6 || total
-------------------------+-------+-------++-------
Melee: Club              |   246 |       ||   246
       Whip              |    41 |    74 ||   115
Throw: Boomerang         |     5 |       ||     5
  Use: Potion            |     1 |     1 ||     2
       Scroll            |     4 |       ||     4
  Eat: Chunk             |     7 |     3 ||    10
Armor: Robe              |    58 |       ||    58
       Leather armour    |    25 |    12 ||    37
Dodge: Dodged            |   197 |    48 ||   245
Block: Kite shield       |    31 |       ||    31

Table legend:
 A = Non-vault XP
 B = Vault XP
 C = Vault XP percentage of total XP
 D = Non-vault monster count
 E = Vault monster count
 F = Vault count percentage of total count
                 A         B        C        D         E       F
            +---------+---------+-------+---------+---------+-------
      Total |     177 |       6 |   3.3 |      70 |       5 |   6.7
            +---------+---------+-------+---------+---------+-------
        D:1 |      50 |       0 |   0.0 |      28 |       0 |   0.0
        D:2 |      58 |       0 |   0.0 |      25 |       0 |   0.0
        D:3 |      69 |       6 |   8.0 |      17 |       5 |  22.7
            +---------+---------+-------+---------+---------+-------
